General information
- name: BNet
- type: Ladder team game (AT/RT)
- host: Battle.net
- saver: BEAR_AND
map: Highperch
- players: 6
- length: 72:25
- speed: Fast
- version: 1.21 W3XP
- replay type:

» download(295 KB)
Players
team 1 (loser)

»
Hoan (
blue | 36 APM | 2568 actions | 72:19)
6 Archmage
3 Summon Water Elemental
2 Brilliance Aura
1 Mass Teleport
» actions
| Assign group hotkey | 31 | |
| Basic commands | 144 | |
| Build / train | 107 | |
| ESC pressed | 3 | |
| Enter build submenu | 37 | |
| Enter hero's abilities submenu | 6 | |
| Give item / drop item | 2 | |
| Right click | 836 | |
| Select / deselect | 659 | |
| Select group hotkey | 650 | |
| Use ability | 93 | |
2568 total
» units
| Peasant | 16 | |
| Footman | 10 | |
| Rifleman | 4 | |
| Dragonhawk Rider | 15 | |
| Mortar Team | 6 | |
| Gryphon Rider | 16 | |
67 total
» upgrades
| Defend | 1 | |
| Swords | 3 | |
| Masonry | 1 | |
| Plating | 1 | |
| Lumber Harvesting | 2 | |
| Cloud | 1 | |
| Storm Hammers | 1 | |
| Armor | 3 | |
| Magic Sentry | 1 | |
| Flare | 1 | |
15 total
» buildings
| Altar of Kings | 1 | |
| Farm | 10 | |
| Barracks | 1 | |
| Scout Tower | 13 | |
| Lumber Mill | 1 | |
| Arcane Tower | 11 | |
| Arcane Vault | 1 | |
| Blacksmith | 1 | |
| Guard Tower | 1 | |
| Keep | 1 | |
| Gryphon Aviary | 3 | |
| Castle | 1 | |
| Town Hall | 1 | |
| Workshop | 1 | |
| Arcane Sanctum | 1 | |
48 total
» build order
00:04 Altar of Kings
00:22 Farm
00:37 Barracks
00:57 Farm
01:40 Farm
02:22 Scout Tower
02:42 Lumber Mill
02:57 Scout Tower
02:59 Arcane Tower
03:32 Arcane Tower
03:47 Arcane Vault
04:26 Blacksmith
05:15 Farm
06:04 Scout Tower
06:39 Guard Tower
06:42 Keep
07:56 Farm
08:34 Farm
09:14 Gryphon Aviary
11:13 Castle
11:37 Town Hall
12:27 Farm
13:00 Workshop
13:10 Farm
17:14 Scout Tower
17:20 Arcane Sanctum
20:42 Gryphon Aviary
20:48 Gryphon Aviary
23:23 Scout Tower
23:54 Scout Tower
24:25 Scout Tower
24:59 Arcane Tower
25:05 Arcane Tower
25:08 Arcane Tower
25:11 Scout Tower
25:46 Arcane Tower
39:45 Farm
39:50 Scout Tower
40:25 Arcane Tower
40:33 Scout Tower
40:37 Farm
41:02 Arcane Tower
41:05 Scout Tower
41:34 Arcane Tower
41:38 Scout Tower
42:29 Arcane Tower
52:24 Scout Tower
52:56 Arcane Tower
» items
| Potion of Healing | 2 | |
| Scroll of Regeneration | 2 | |
4 total

»
mdnj (
orange | 15 APM | 1091 actions | 72:23)
7 Blademaster
3 Critical Strike
3 Wind Walk
1 Bladestorm
» actions
| Assign group hotkey | 15 | |
| Basic commands | 56 | |
| Build / train | 56 | |
| ESC pressed | 9 | |
| Enter build submenu | 23 | |
| Enter hero's abilities submenu | 9 | |
| Remove unit from queue | 3 | |
| Right click | 388 | |
| Select / deselect | 340 | |
| Select group hotkey | 124 | |
| Use ability | 68 | |
1091 total
» units
| Peon | 8 | |
| Grunt | 5 | |
| Troll Headhunter/Berserker | 11 | |
| Demolisher | 8 | |
| Wind Rider | 3 | |
35 total
» upgrades
| Melee Weapons | 1 | |
| Armor | 1 | |
| Pillage | 1 | |
| Berserker Strength | 1 | |
| Burning Oil | 1 | |
| Berserker Upgrade | 1 | |
| Troll Regeneration | 1 | |
| Ranged Weapons | 1 | |
8 total
» buildings
| Altar of Storms | 1 | |
| Orc Burrow | 8 | |
| Barracks | 2 | |
| War Mill | 2 | |
| Voodoo Lounge | 1 | |
| Stronghold | 1 | |
| Watch Tower | 2 | |
| Fortress | 1 | |
| Beastiary | 1 | |
19 total
» build order
00:03 Altar of Storms
00:27 Orc Burrow
00:39 Barracks
01:56 War Mill
03:14 War Mill
03:20 Orc Burrow
04:15 Orc Burrow
05:21 Orc Burrow
05:48 Voodoo Lounge
07:10 Stronghold
07:18 Watch Tower
08:53 Orc Burrow
10:25 Fortress
11:07 Orc Burrow
13:15 Barracks
16:17 Orc Burrow
16:56 Orc Burrow
18:09 Beastiary
18:21 Watch Tower

»
Pouss (
pink | 25 APM | 1776 actions | 71:24)
3 Dreadlord
1 Sleep
2 Vampiric Aura
» actions
| Assign group hotkey | 37 | |
| Build / train | 118 | |
| Enter build submenu | 29 | |
| Enter hero's abilities submenu | 3 | |
| Right click | 639 | |
| Select / deselect | 473 | |
| Select group hotkey | 432 | |
| Use ability | 45 | |
1776 total
» units
| Acolyte | 22 | |
| Ghoul | 5 | |
| Crypt Fiend | 4 | |
| Gargoyle | 64 | |
| Meatwagon | 5 | |
100 total
» upgrades
| Creature Attack | 3 | |
| Creature Carapace | 3 | |
| Stone Form | 1 | |
7 total
» buildings
| Ziggurat | 11 | |
| Altar of Darkness | 1 | |
| Crypt | 2 | |
| Graveyard | 1 | |
| Spirit Tower | 4 | |
| Halls of the Dead | 1 | |
| Nerubian Tower | 1 | |
| Sacrificial Pit | 1 | |
| Slaughterhouse | 1 | |
| Black Citadel | 1 | |
24 total
» build order
00:10 Ziggurat
00:16 Altar of Darkness
00:25 Crypt
01:50 Graveyard
02:56 Ziggurat
04:02 Spirit Tower
04:08 Ziggurat
05:57 Halls of the Dead
06:32 Nerubian Tower
08:24 Sacrificial Pit
08:38 Slaughterhouse
09:54 Spirit Tower
10:01 Ziggurat
11:00 Ziggurat
11:04 Ziggurat
14:24 Black Citadel
17:26 Crypt
21:05 Ziggurat
21:14 Ziggurat
21:19 Ziggurat
25:05 Ziggurat
25:07 Ziggurat
26:15 Spirit Tower
28:58 Spirit Tower
team 2 (winner)
BEAR_AND (
green | 44 APM | 3194 actions | 72:25)
6 Warden
3 Shadow Strike
3 Blink
» actions
| Assign group hotkey | 7 | |
| Basic commands | 20 | |
| Build / train | 114 | |
| Enter build submenu | 12 | |
| Enter hero's abilities submenu | 7 | |
| Give item / drop item | 1 | |
| Remove unit from queue | 14 | |
| Right click | 1988 | |
| Select / deselect | 427 | |
| Select group hotkey | 419 | |
| Use ability | 185 | |
3194 total
» units
| Wisp | 18 | |
| Druid of the Talon | 40 | |
| Hippogryph | 12 | |
70 total
» upgrades
| Strength of the Wild | 3 | |
| Reinforced Hides | 3 | |
| Ultravision | 1 | |
| Druid of the Talon Training | 2 | |
| Mark of the Talon | 1 | |
10 total
» buildings
| Altar of Elders | 1 | |
| Moon Well | 10 | |
| Tree of Ages | 1 | |
| Hunter's Hall | 1 | |
| Tree of Eternity | 1 | |
| Tree of Life | 1 | |
| Ancient of Wind | 2 | |
| Ancient of Wonders | 1 | |
18 total
» build order
00:11 Altar of Elders
00:12 Moon Well
01:28 Moon Well
05:28 Tree of Ages
07:08 Hunter's Hall
07:54 Tree of Eternity
08:55 Tree of Life
10:21 Ancient of Wind
10:28 Ancient of Wind
13:08 Moon Well
13:11 Moon Well
13:13 Moon Well
15:05 Moon Well
15:07 Moon Well
15:09 Moon Well
33:48 Moon Well
33:48 Moon Well
42:44 Ancient of Wonders
» items
| Healing Salve | 1 | |
| Lesser Clarity Potion | 1 | |
| Boots of Speed | 1 | |
| Staff of Teleportation | 1 | |
| Tiny Great Hall | 1 | |
| Orb of Lightning | 1 | |
| Scroll of Town Portal | 1 | |
| Mechanical Critter | 4 | |
11 total
bLinn (
red | 49 APM | 3584 actions | 72:24)
8 Blademaster
3 Wind Walk
3 Critical Strike
1 Bladestorm
1 Mirror Image
» actions
| Assign group hotkey | 150 | |
| Basic commands | 38 | |
| Build / train | 103 | |
| Enter build submenu | 56 | |
| Enter hero's abilities submenu | 8 | |
| Give item / drop item | 1 | |
| Remove unit from queue | 15 | |
| Right click | 1846 | |
| Select / deselect | 610 | |
| Select group hotkey | 426 | |
| Use ability | 331 | |
3584 total
» units
| Peon | 13 | |
| Wind Rider | 12 | |
| Troll Batrider | 10 | |
35 total
» upgrades
| Spiked Barricades | 1 | |
| Reinforced Defenses | 1 | |
| Envenomed Spears | 1 | |
| Ranged Weapons | 3 | |
| Armor | 3 | |
9 total
» buildings
| Altar of Storms | 1 | |
| War Mill | 1 | |
| Orc Burrow | 10 | |
| Watch Tower | 64 | |
| Stronghold | 3 | |
| Voodoo Lounge | 2 | |
| Fortress | 4 | |
| Beastiary | 2 | |
| Arcane Tower | 5 | |
92 total
» build order
00:02 Altar of Storms
00:13 War Mill
00:31 Orc Burrow
01:34 Watch Tower
01:43 Watch Tower
02:08 Watch Tower
02:24 Watch Tower
02:36 Watch Tower
02:46 Watch Tower
02:49 Orc Burrow
03:29 Watch Tower
03:31 Watch Tower
04:13 Watch Tower
04:19 Stronghold
04:25 Watch Tower
05:02 Watch Tower
05:04 Watch Tower
05:12 Watch Tower
05:19 Voodoo Lounge
05:22 Voodoo Lounge
05:41 Watch Tower
05:44 Watch Tower
05:45 Watch Tower
05:51 Watch Tower
06:20 Watch Tower
06:24 Watch Tower
06:35 Watch Tower
07:03 Fortress
07:03 Fortress
07:03 Fortress
07:50 Orc Burrow
07:52 Orc Burrow
07:54 Orc Burrow
07:55 Orc Burrow
07:56 Orc Burrow
09:02 Watch Tower
09:05 Watch Tower
10:45 Beastiary
10:47 Beastiary
11:56 Orc Burrow
11:57 Orc Burrow
14:50 Arcane Tower
14:51 Arcane Tower
17:21 Arcane Tower
17:21 Arcane Tower
23:33 Watch Tower
23:34 Watch Tower
23:35 Watch Tower
23:35 Watch Tower
23:39 Watch Tower
23:41 Watch Tower
23:43 Watch Tower
23:44 Watch Tower
23:44 Watch Tower
23:46 Watch Tower
23:47 Watch Tower
23:48 Watch Tower
23:55 Watch Tower
23:56 Watch Tower
24:01 Watch Tower
24:01 Watch Tower
26:19 Watch Tower
26:21 Watch Tower
26:23 Watch Tower
26:25 Watch Tower
26:31 Watch Tower
26:36 Watch Tower
26:39 Watch Tower
26:40 Watch Tower
26:44 Watch Tower
26:47 Watch Tower
26:48 Watch Tower
26:50 Watch Tower
26:55 Watch Tower
26:57 Watch Tower
26:59 Watch Tower
27:06 Watch Tower
27:09 Watch Tower
27:11 Watch Tower
27:14 Watch Tower
27:22 Watch Tower
27:23 Watch Tower
31:36 Watch Tower
31:38 Watch Tower
31:44 Watch Tower
31:45 Watch Tower
31:47 Watch Tower
38:48 Orc Burrow
» items
| Healing Salve | 3 | |
| Lesser Clarity Potion | 3 | |
| Staff of Teleportation | 1 | |
| Boots of Speed | 1 | |
| Orb of Lightning | 4 | |
| Ivory Tower | 2 | |
14 total
DIRTMCwordUP (
purple | 38 APM | 2723 actions | 72:24)
4 Blood Mage
2 Flame Strike
2 Siphon Mana
6 Archmage
3 Blizzard
2 Brilliance Aura
1 Mass Teleport
» actions
| Assign group hotkey | 5 | |
| Basic commands | 101 | |
| Build / train | 99 | |
| ESC pressed | 3 | |
| Enter build submenu | 71 | |
| Enter hero's abilities submenu | 10 | |
| Give item / drop item | 9 | |
| Right click | 1080 | |
| Select / deselect | 242 | |
| Select group hotkey | 881 | |
| Use ability | 222 | |
2723 total
» units
| Peasant | 10 | |
| Dragonhawk Rider | 8 | |
| Sorceress | 1 | |
| Priest | 1 | |
20 total
» upgrades
| Masonry | 3 | |
| Lumber Harvesting | 2 | |
| Magic Sentry | 1 | |
| Armor | 3 | |
| Swords | 3 | |
| Animal War Training | 1 | |
| Cloud | 1 | |
| Sorceress Training | 2 | |
| Priest Training | 2 | |
| Control Magic | 1 | |
19 total
» buildings
| Farm | 13 | |
| Lumber Mill | 1 | |
| Altar of Kings | 2 | |
| Scout Tower | 74 | |
| Arcane Tower | 3 | |
| Guard Tower | 27 | |
| Keep | 1 | |
| Arcane Vault | 1 | |
| Town Hall | 1 | |
| Blacksmith | 1 | |
| Castle | 1 | |
| Arcane Sanctum | 1 | |
| Barracks | 1 | |
| Gryphon Aviary | 1 | |
128 total
» build order
00:07 Farm
00:10 Lumber Mill
00:42 Altar of Kings
00:55 Scout Tower
01:04 Scout Tower
01:27 Arcane Tower
01:53 Arcane Tower
01:55 Scout Tower
02:00 Scout Tower
02:18 Farm
02:24 Guard Tower
02:27 Scout Tower
02:30 Guard Tower
02:31 Scout Tower
02:53 Scout Tower
03:05 Guard Tower
03:07 Scout Tower
03:26 Guard Tower
03:28 Scout Tower
03:33 Scout Tower
03:35 Guard Tower
04:02 Guard Tower
04:07 Scout Tower
04:08 Scout Tower
04:09 Scout Tower
04:10 Scout Tower
04:11 Scout Tower
04:13 Scout Tower
04:14 Scout Tower
04:18 Scout Tower
04:19 Scout Tower
04:22 Guard Tower
04:24 Scout Tower
04:25 Scout Tower
04:27 Scout Tower
04:29 Scout Tower
04:51 Guard Tower
04:55 Guard Tower
05:26 Guard Tower
05:30 Scout Tower
05:32 Guard Tower
05:32 Guard Tower
05:38 Guard Tower
05:44 Guard Tower
05:56 Keep
06:01 Guard Tower
06:03 Scout Tower
06:15 Guard Tower
06:22 Arcane Vault
06:31 Guard Tower
07:33 Town Hall
08:59 Blacksmith
09:02 Castle
11:49 Arcane Sanctum
14:08 Barracks
15:25 Gryphon Aviary
15:27 Scout Tower
15:28 Scout Tower
15:28 Scout Tower
15:46 Scout Tower
15:47 Scout Tower
15:50 Scout Tower
15:51 Scout Tower
16:00 Guard Tower
16:25 Guard Tower
16:32 Guard Tower
16:42 Guard Tower
18:20 Guard Tower
18:22 Scout Tower
18:25 Farm
18:27 Farm
18:28 Farm
18:31 Farm
20:28 Guard Tower
31:30 Scout Tower
31:31 Scout Tower
31:32 Scout Tower
31:33 Scout Tower
31:34 Scout Tower
31:35 Scout Tower
31:36 Scout Tower
31:37 Scout Tower
31:38 Scout Tower
31:38 Scout Tower
31:39 Scout Tower
31:41 Scout Tower
31:42 Scout Tower
31:43 Scout Tower
31:44 Scout Tower
31:45 Scout Tower
31:51 Scout Tower
31:52 Scout Tower
31:55 Scout Tower
35:34 Guard Tower
35:35 Scout Tower
35:36 Scout Tower
35:40 Scout Tower
35:42 Scout Tower
35:42 Scout Tower
35:44 Scout Tower
35:50 Scout Tower
35:51 Scout Tower
35:55 Scout Tower
35:56 Scout Tower
36:01 Scout Tower
36:02 Scout Tower
36:04 Scout Tower
36:05 Scout Tower
36:08 Scout Tower
36:14 Guard Tower
36:42 Guard Tower
36:48 Scout Tower
36:53 Scout Tower
37:09 Scout Tower
37:13 Scout Tower
37:13 Scout Tower
37:34 Scout Tower
37:36 Guard Tower
37:46 Scout Tower
50:31 Farm
50:36 Arcane Tower
50:38 Altar of Kings
50:42 Farm
50:44 Farm
50:47 Farm
50:48 Farm
50:49 Farm
50:52 Farm
» items
| Staff of Teleportation | 2 | |
| Boots of Speed | 3 | |
| Orb of Lightning | 2 | |
| Scroll of Town Portal | 1 | |
| Lesser Clarity Potion | 2 | |
| Potion of Mana | 1 | |
| Healing Salve | 1 | |
| Staff of Sanctuary | 2 | |
| Potion of Lesser Invulnerability | 1 | |
15 total
Chat log
(00:12 / All) mdnj: Lo.l
(00:16 / All) BEAR_AND: Hey
(00:18 / All) DIRTMCwordUP: gl guys lol.
(00:20 / All) BEAR_AND: gl hf
(00:24 / All) Hoan: you too
(00:30 / All) mdnj: You guys too.
(00:46 / All) BEAR_AND: where u from?
(00:53 / All) Hoan: canada
(00:56 / All) BEAR_AND: me too
(00:57 / All) BEAR_AND: toronto
(01:01 / All) Hoan: ottawa
(01:07 / All) Pouss: Laval!
(01:09 / All) BEAR_AND: u guys know anyone in CG?
(01:13 / All) BEAR_AND: ceremonial guiard?
(01:17 / All) Hoan: nope
(01:18 / All) mdnj: Nope.
(01:37 / All) BEAR_AND: dan kaell?
(01:43 / All) mdnj: Yeah I know him.
(01:45 / All) BEAR_AND: no way
(02:07 / All) mdnj: Yeah I know him well.
(02:12 / All) BEAR_AND: tell me osmething about him
(02:20 / All) mdnj: He's really really white.
(02:24 / All) BEAR_AND: and
(02:26 / All) mdnj: Pale white.
(02:31 / All) mdnj: Jewish.
(02:33 / All) BEAR_AND: OH MY GOD
(02:42 / All) mdnj: haha
(02:57 / All) DIRTMCwordUP: welp
(03:02 / All) DIRTMCwordUP: welcome to highperch, friends
(03:04 / All) Pouss: help
(03:08 / All) BEAR_AND: have a goo dgame
(03:24 / All) Hoan: thanks
(03:34 / All) BEAR_AND: i don't know whetehr to believe you
(03:36 / All) BEAR_AND: dan kaell......
(03:40 / All) BEAR_AND: he is a good friend of mine
(03:50 / All) mdnj: Yeah.
(04:10 / All) mdnj: I bet you went to school with him at UofT?
(04:13 / All) BEAR_AND: yes
(04:19 / All) BEAR_AND: but that's all guessable
(04:22 / All) BEAR_AND: tell me something unique
(04:37 / All) mdnj: Uhh you guys ate at... Burwash Hall?
(04:43 / All) BEAR_AND: wow you know things about u of t
(04:50 / All) mdnj: I went with him
(05:11 / All) BEAR_AND: that is ridiculous
(05:16 / All) mdnj: Lol.
(05:50 / All) BEAR_AND: hey is your name ryan?
(05:58 / All) mdnj: Sorry, I'm not Ryan Burke
(06:05 / All) BEAR_AND: oh my god
(06:09 / All) BEAR_AND: i believe you now
(06:13 / All) mdnj: Lol.
(06:21 / All) BEAR_AND: next time you talk to dan tell him tyler says hi from wc3
(06:24 / All) BEAR_AND: if you ever do
(06:30 / All) mdnj: I see him this Friday.
(08:10 / All) mdnj: Do you know anyone else other than Ryan?
(08:15 / All) BEAR_AND: from ottawa? no
(09:00 / Allies) bLinn: angery
(09:01 / All) mdnj: Did you see Dan when he was down there last month?
(09:03 / All) BEAR_AND: yep
(09:13 / All) BEAR_AND: we went out to eat in kensington
(09:21 / All) mdnj: Lol, nice.
(10:22 / All) DIRTMCwordUP: FUCK
(10:24 / All) mdnj: Lol.
(10:26 / All) BEAR_AND: don't mind them
(10:29 / All) BEAR_AND: they are rude
(10:34 / All) mdnj: Haha
(11:58 / All) mdnj: I need vision for invisble.
(13:35 / All) mdnj: Lol.
(15:51 / All) BEAR_AND: that isn't how it works
(15:55 / All) Hoan: lol
(16:02 / All) Hoan: defense only huh
(18:51 / All) BEAR_AND: ugh i am almost out of gold
(19:29 / All) DIRTMCwordUP: welcome to highperch
(24:22 / All) DIRTMCwordUP: *poog*
(24:42 / All) BEAR_AND: out of gold . . .
(29:05 / All) Hoan: so how's the weather in Toronto?
(29:10 / All) BEAR_AND: a little cool for mid august
(29:14 / All) BEAR_AND: i like it though
(29:15 / All) BEAR_AND: sunny
(29:17 / All) Hoan: yeah, same here
(29:17 / All) mdnj: same here.
(29:26 / All) BEAR_AND: well we are only like 200k apart
(29:32 / All) Hoan: lol
(29:35 / All) mdnj: try 430
(29:38 / All) Hoan: yeah a bit more
(29:44 / All) BEAR_AND: sorry i haven't been to ottawa since i was like 12
(30:00 / All) Pouss: pretty chilly in Quebec too!! Thanks for asking lol
(30:06 / All) mdnj: haha
(30:09 / All) Hoan: lol
(30:11 / All) BEAR_AND: you guys real-life friends?
(30:17 / All) Hoan: yeah
(30:22 / All) Hoan: well, partly
(30:26 / All) Hoan: I know them both, they never met
(30:31 / All) mdnj: lol.
(30:37 / All) Pouss: ok it's time
(31:42 / All) BEAR_AND: DAMN
(31:43 / All) BEAR_AND: gg
(31:47 / All) Hoan: gg lol
(31:48 / All) Pouss: lol
(31:51 / All) mdnj: gg
(31:54 / All) Pouss: gg
(32:00 / All) DIRTMCwordUP: gg
(35:46 / All) Hoan: haha nice towers
(35:48 / All) BEAR_AND: welcome . .......
(36:29 / All) DIRTMCwordUP: welcome to highperch enjoy your stay
(37:53 / Allies) bLinn: arhgfhgfhgf
(38:17 / All) BEAR_AND: out of gold ....
(44:29 / Allies) bLinn: ur base
(45:27 / Allies) bLinn: operative behind enemy lines
(47:47 / All) mdnj: so, how do you know Dan Kaell?
(47:52 / All) mdnj: How did you get to meet him?
(47:58 / All) BEAR_AND: we lived in the same residence in first year at u of t
(48:07 / All) BEAR_AND: did he ever tell you about his "second door"
(48:13 / All) BEAR_AND: or the guys puking on his floor
(48:14 / All) mdnj: No.
(48:16 / All) BEAR_AND: damn
(48:20 / All) BEAR_AND: that was me
(48:26 / All) Hoan: lol
(48:28 / All) Hoan: good job
(48:37 / All) BEAR_AND: really? when did you visit
(48:40 / All) mdnj: I met quite a few people from his res...
(48:52 / All) mdnj: A few times during the year.
(49:06 / All) BEAR_AND: hmm i don't remember meeting any of his friends from out of town but maybe
(49:35 / All) mdnj: what room did you live in?
(49:37 / All) BEAR_AND: 206
(49:43 / All) BEAR_AND: he was in 103 or something
(49:55 / Allies) bLinn: the H is for hold position
(49:56 / All) mdnj: oh, ok, I wouldn't have met you?
(50:03 / Allies) bLinn: cos that's what they're doin
(50:04 / All) mdnj: I met mostly peolpe from the first floor
(52:08 / All) Hoan: quite the army you have
(52:14 / All) Hoan: you've breached my defense
(52:15 / All) BEAR_AND: it is large, yes
(52:54 / All) Hoan: so are you guys gonna quit?
(52:59 / All) BEAR_AND: no, this is how we play
(53:00 / All) bLinn: gl hf
(53:05 / All) BEAR_AND: it begins.......now
(53:08 / All) Hoan: lol fine
(54:24 / All) DIRTMCwordUP: welcome to highperch
(54:32 / All) BEAR_AND: enjoy your stay!!!!
(54:34 / All) Hoan: don't tell me you play every game like this...
(54:36 / All) Hoan: way too long lol
(54:39 / All) BEAR_AND: we play every game like this
(54:43 / All) mdnj: Lol...
(54:46 / All) BEAR_AND: how long has it been, 45 min?
(54:50 / All) Hoan: no idea
(54:52 / All) Hoan: but long
(54:55 / All) mdnj: probably more.
(54:56 / All) BEAR_AND: our record is 18 hours.....
(54:58 / All) bLinn: that is a 'short game'
(55:00 / All) DIRTMCwordUP: the game just started
(55:01 / All) BEAR_AND: good luck
(55:05 / All) Hoan: lol you can't be serious
(55:06 / All) bLinn: have fun
(55:07 / All) Hoan: 18 hours?
(55:10 / All) BEAR_AND: look up my stats on battle.net
(55:11 / All) bLinn: i am serious
(55:14 / All) Hoan: lol
(55:14 / All) BEAR_AND: it shows an 18 hour game
(55:15 / All) bLinn: and don't call me shirley
(55:18 / All) BEAR_AND: a bunch that are around 12 hours
(55:22 / All) Hoan: how did that work...
(55:27 / All) BEAR_AND: well
(55:29 / All) mdnj: do you even sit there for all that time?
(55:29 / All) BEAR_AND: it was on this map
(55:30 / All) Hoan: how did the other guys play?
(55:34 / All) BEAR_AND: hmm
(55:44 / All) BEAR_AND: kind of like you, a little better, a lot angrier
(55:48 / All) Hoan: lol
(55:54 / All) BEAR_AND: one of them was from montreal
(55:57 / All) DIRTMCwordUP: people get angry and call him up etc
(56:02 / All) BEAR_AND: he called me during it
(56:05 / All) BEAR_AND: i think i still have his number
(56:34 / All) bLinn: there was also another young man called Richard "Rubidium" Hall from Dunkirk, Maryland
(56:38 / All) Hoan: how did he get your number?
(56:55 / All) BEAR_AND: going for coincidence no. 2: do you know "Curt", cell phone number 214 294 4221?
(56:58 / All) BEAR_AND: from montreal
(57:10 / All) BEAR_AND: my number is in my battle.net profiel
(57:10 / All) Hoan: lol no
(57:13 / All) BEAR_AND: too bad
(57:18 / All) Hoan: haha you have your number on there?
(57:22 / All) BEAR_AND: yes
(57:27 / All) bLinn: oƒ course
(57:31 / All) BEAR_AND: ye§
(57:40 / All) Hoan: by the way, do you plan on attacking?
(57:46 / All) BEAR_AND: we will see
(57:50 / All) bLinn: it's a ƒavourite pastime of ours to ƒone people up
(57:54 / All) Hoan: lol
(58:06 / All) BEAR_AND: you might say making people angry is my ƒorte
(58:08 / All) Hoan: I wouldn't mind you guys attacking right now
(58:17 / All) Hoan: lol don't know about you, but I don't get angry easily
(58:18 / All) mdnj: Yeah... attack already, lol.
(58:22 / All) BEAR_AND: i am surprised at your politeness
(58:26 / All) BEAR_AND: most people yell "I HAVE ALL WEEK"
(58:28 / All) DIRTMCwordUP: we dont attack sorry
(58:32 / All) BEAR_AND: "NEVER LEAVING THIS GAME"
(58:35 / All) Hoan: lol so you wait for us to do what?
(58:35 / All) mdnj: Lol.
(58:41 / All) DIRTMCwordUP: i dont know
(58:42 / All) bLinn: just wait to see what you do
(58:44 / All) DIRTMCwordUP: its a game
(58:45 / All) bLinn: it's an experiment
(58:47 / All) mdnj: You know we have no money, lol.
(58:47 / All) BEAR_AND: it is a character study
(58:47 / All) bLinn: like big brother
(58:48 / All) DIRTMCwordUP: to see how long you stay
(58:51 / All) BEAR_AND: a social experiment
(58:51 / All) bLinn: we're watching you . . .
(58:58 / All) Hoan: lol
(59:04 / All) bLinn: could Hoan please come to the diary room
(59:04 / All) Hoan: well then, I think I'm off to bed
(59:06 / All) Hoan: good night
(59:12 / All) DIRTMCwordUP: night
(59:14 / All) BEAR_AND: hail and well met
(59:19 / All) bLinn: gn we expect to hear from you within 5 minutes
(59:22 / All) bLinn: thanks and good luck
(60:03 / All) Hoan: sorry, I'm still heer
(60:09 / All) Hoan: my teammate just made me realize how early it was
(60:12 / All) Hoan: so let's chat a bit more
(60:18 / All) bLinn: my prediction was correct
(60:20 / All) bLinn: 5 bucks pls
(60:25 / All) Hoan: we never made a bet
(60:29 / All) bLinn: it's a tax
(60:33 / All) bLinn: a lying tax
(60:33 / All) Hoan: on what?
(60:35 / All) mdnj: so.. Tyler, what's your last name... so I can make sure Kaell knows.
(60:37 / All) BEAR_AND: Kerr
(60:48 / All) Hoan: it wasn't a lie
(60:51 / All) Hoan: only a mistake on my part
(60:53 / All) bLinn: Kæll
(61:12 / All) mdnj: Do they rest of you know Kaell?
(61:16 / All) Hoan: by the way, I've been meaning to ask...how do you get up there?
(61:21 / All) Hoan: mass teleport?
(61:24 / All) BEAR_AND: nope
(61:33 / All) bLinn: you can't teleport to flying units anyway
(61:36 / All) bLinn: and we don't have a 6 AM
(61:37 / All) Hoan: blink huh...
(61:37 / All) mdnj: Gotta be those teleporting thingers.
(61:45 / All) Hoan: blink + mass teleport
(61:49 / All) mdnj: Blink and then teleporting wand.
(61:59 / All) BEAR_AND: blink was not involved
(62:04 / All) Hoan: is that so...
(62:11 / All) Hoan: is that a fact?
(62:16 / All) BEAR_AND: that is a fact
(62:20 / All) bLinn: yes that's a ƒact
(62:32 / All) Hoan: can you tell me who got up there first?
(62:35 / All) BEAR_AND: me
(62:43 / All) bLinn: Night Elƒ
(62:49 / All) Hoan: and without blink you say
(62:52 / All) Pouss: vous me direz quand vous serez tanné... Moi je vais ouvrir mon DS! Nice Ontario Chatting
(62:56 / All) bLinn: wiƒout blink
(63:09 / All) Hoan: does it involve a hero?
(63:17 / All) BEAR_AND: it involves a zeppelin
(63:27 / All) mdnj: there are none...
(63:30 / All) Hoan: a zeppelin that's not sold?
(63:38 / All) BEAR_AND: you can spawn one with a bug...
(63:45 / All) Hoan: is that so, I'd love to hear about this
(63:47 / All) mdnj: ... show it to us.
(63:50 / All) mdnj: Lol.
(63:54 / All) bLinn: we destroyed it
(63:55 / All) BEAR_AND: killed it already
(63:58 / All) BEAR_AND: so you wouldn't see
(64:01 / All) Hoan: I mean, out of curiosity
(64:03 / All) mdnj: Spawn another, lol.
(64:04 / All) bLinn: the truth will never be uncovered . . .
(64:08 / All) BEAR_AND: it only works once a game
(64:12 / All) Hoan: lol
(64:17 / All) mdnj: How convenient, lol.
(64:18 / All) Hoan: is that a fact?
(64:23 / All) BEAR_AND: that is a fact
(64:27 / All) bLinn: ƒact!
(64:45 / All) Hoan: but in all honesty, you guys simply do this to have fun right?
(64:49 / All) Hoan: it's not about being safe or whatever
(64:51 / All) BEAR_AND: to make people angry mostly
(64:51 / All) bLinn: no this is work
(65:02 / All) Hoan: but I mean, you probably know that we have nothing
(65:03 / All) BEAR_AND: it's a fun bonding experience too
(65:03 / All) Hoan: your bm has scouted
(65:13 / All) Hoan: well it's definitely a bonding experience
(66:07 / All) mdnj: you guys have anything other than towers and air units?
(66:14 / All) bLinn: ¿Que?
(66:15 / All) Hoan: I think their base is gone lol
(66:26 / All) mdnj: but they must have peons/peasants
(66:29 / All) bLinn: ¬_¬
(66:34 / All) Hoan: I'd say a town hall or something of the sort
(66:38 / All) Hoan: and taht's about it
(66:44 / All) bLinn: taht's a good guess
(66:59 / All) Hoan: oh right, that reminds me
(67:08 / All) Hoan: I forgot to make a mortar team
(67:12 / All) bLinn: zounds
(67:20 / All) Hoan: don't worry, I have money for it
(67:43 / All) Hoan: I see a tree of life
(67:45 / All) Hoan: that's about it
(68:11 / Allies) BEAR_AND: brb
(68:29 / All) Hoan: so what are you guys up to right now?
(68:33 / All) Hoan: and I'm not talking about the game
(68:37 / All) Hoan: doing anything else?
(69:35 / All) Hoan: well it looks like we'll be quitting soon
(69:39 / All) Hoan: we'll play another game
(69:56 / All) Hoan: I don't want to say I don't like you guys
(70:01 / All) Hoan: but I'd rather not play you again lol
(70:05 / All) mdnj: Lol.
(70:14 / All) BEAR_AND: that is how pretty much everyone feels after a game with us
(70:17 / All) Hoan: by the way...what are those peasants up to?
(70:24 / All) bLinn: guarding
(70:27 / All) BEAR_AND: making the rounds
(70:33 / All) Hoan: lol I don't think they're needed
(70:35 / All) bLinn: the peon is keeping the altar safe
(70:41 / All) bLinn: *saƒe
(70:43 / All) Hoan: I can see that
(70:45 / All) mdnj: Lol.
(71:15 / All) Hoan: well I guess we'll be taking our leave now
(71:21 / All) bLinn: good £uck
(71:25 / All) Hoan: I'm tempted not to say gg...
(71:26 / All) mdnj: Indeed.. I think it's time.
(71:29 / All) Hoan: but it was indeed quite thought out
(71:37 / All) mdnj: lol, yeah.
(71:40 / All) Hoan: so...gg to you guys
(71:40 / All) bLinn: do you think this is our first time
(71:46 / All) Hoan: no of course not
(71:49 / All) Hoan: I mean the strategy
(72:07 / All) Hoan: gg then
(72:10 / All) mdnj: Anyway... bye... I'll tell Kaell you said hi.
(72:13 / All) Hoan: bye
(72:13 / All) BEAR_AND: thanks
(72:17 / All) bLinn: gg